Map: Romanticide LE

Players

Masterchief

  • Race: Terran Terran
  • League: Silver

Throwfordays - Winner!

  • Race: Terran Terran
  • League: Silver

VOD

Have the link to the VOD?

Description

Time

  • Played on: Aug. 26, 2021, 10:41 p.m.
  • Length: 6:20
Show
View Real Time Build Order
Export as new Build Order

Masterchief Terran 

Build Orders: Liberator Opening 

Get SALT Encoding   

  12  0:00  SCV  
  13  0:17  Supply Depot  
  13  0:24  SCV  
  14  0:36  SCV  
  14  0:38  Refinery  
  15  0:44  Barracks  
  15  0:48  SCV  
  16  1:00  SCV  
  17  1:23  SCV  
  18  1:31  Supply Depot  
  18  1:34  Reaper  
  18  1:35  SCV  
  20  1:47  SCV  
  21  1:56  Refinery  
  21  1:59  SCV  
  22  2:03  Supply Depot  
  22  2:11  Barracks Tech Lab, Factory  
  21  2:31  Reaper  
  22  2:37  SCV  
  23  2:49  SCV  
  24  3:00  Factory Tech Lab  
  24  3:02  Starport  
  24  3:33  SCV  
  25  3:45  SCV  
  24  3:50  Command Center  
  24  3:51  Cyclone  
  24  3:53  Marine  
  28  3:55  Liberator  
  31  4:03  Engineering Bay  
  31  4:13  Marine  
  26  4:31  Marine  
  13  5:02  SCV  
  13  5:14  SCV  
  13  5:26  SCV  
Show
View Real Time Build Order
Export as new Build Order

Throwfordays Terran - Winner!

Build Orders:  

Get SALT Encoding   

  12  0:01  SCV  
  13  0:13  SCV  
  14  0:18  Supply Depot  
  14  0:25  Refinery  
  14  0:29  SCV  
  15  0:42  SCV  
  16  0:47  Barracks  
  16  0:55  Supply Depot  
  16  1:00  SCV  
  17  1:12  SCV  
  18  1:24  SCV  
  19  1:28  Refinery  
  19  1:34  Reaper  
  19  1:36  SCV  
  21  1:47  Barracks  
  21  1:48  SCV  
  22  2:00  SCV  
  23  2:06  Reaper  
  24  2:13  SCV  
  25  2:34  Orbital Command, Barracks  
  25  2:36  Reaper  
  26  2:38  Reaper  
  26  3:08  Reaper  
  26  3:10  Reaper  
  28  3:36  Reaper  
  28  3:41  Reaper  
  30  3:42  Reaper  
  30  3:55  Barracks  
  30  3:58  Supply Depot  
  30  4:08  Reaper  
  31  4:20  Reaper x2  
  32  5:11  Reaper x2  
  32  5:12  Reaper x2  
  35  5:43  Reaper  
Tags
 
Add a new tag
Caveats
  • Supply blocks, unpowered buildings, or Contaminate may cause inaccurate times.
  • Supply counts are checked every 10 seconds.